 Dungeon Crawl Stone Soup version 0.30.1-4-g462c640d31 (webtiles) character file.

Game seed: 9612761645489133561

110 growler the Gusty (level 4, -6/24 HPs)
             Began as a Tengu Air Elementalist on Sept 16, 2023.
             Mangled by a sleepcap (21 damage)
             ... on level 3 of the Dungeon.
             The game lasted 00:03:36 (2092 turns).

growler the Gusty (Tengu Air Elementalist)          Turns: 2092, Time: 00:03:36

Health: -6/24      AC:  2    Str:  8    XL:     4   Next: 91%
Magic:  4/9        EV:  2    Int: 18    God:
Gold:   52         SH:  0    Dex: 14    Spells: 3/9 levels left

rFire   . . .        (no weapon)
rCold   . . .        (no shield)
rNeg    . . .        a - +0 robe
rPois   .            (helmet restricted)
rElec   .            (no cloak)
rCorr   .            (no gloves)
SInv    .            (boots unavailable)
Will    .....        (no amulet)
Stlth   ++           (no ring)
HPRegen 0.24/turn    (no ring)
MPRegen 0.11/turn

%: no passive effects
@: sleeping
A: beak, talons 3
a: no special abilities


You were on level 3 of the Dungeon.
You visited 1 branch of the dungeon, and saw 3 of its levels.

You collected 52 gold pieces.

Inventory:

Armour
 a - a +0 robe (worn)
 i - a +0 tower shield
 m - a +0 cloak
Scrolls
 c - 2 scrolls of noise {unknown}
 d - a scroll of brand weapon {unknown}
 e - 3 scrolls of identify {unknown}
 g - a scroll of enchant armour {unknown}
 h - 2 scrolls of poison {unknown}
 j - a scroll of teleportation {unknown}
Potions
 b - a potion of magic
 f - a potion of flight {unknown}
 k - a potion of degeneration {unknown}
 l - a potion of brilliance {unknown}
 n - a potion of haste {unknown}


   Skills:
 - Level 2.1 Dodging
 - Level 2.0 Stealth
 + Level 3.0 Spellcasting
 + Level 3.6 Conjurations
 + Level 5.3 Air Magic


You had 3 spell levels left.
You knew the following spells:

 Your Spells              Type           Power      Damage    Failure   Level
a - Shock                 Conj/Air       72%        1d7       2%          1
b - Static Discharge      Conj/Air       36%        2-4/arc   4%          2
c - Swiftness             Air            21%        N/A       5%          3

Your spell library contained the following spells:

 Spells                   Type           Power      Damage    Failure   Level
 Slow                     Hex            8%         N/A       16%         1
 Confusing Touch          Hex            2%         N/A       43%         3
 Vampiric Draining        Necr           2%         2d6       43%         3
 Airstrike                Air            10%        2d(2-18)  19%         4
 Summon Lightning Spire   Summ/Air       12%        N/A       50%         4


Dungeon Overview and Level Annotations

Branches:
Dungeon (3/15)

Altars:


Innate Abilities, Weirdness & Mutations

You have a beak for a mouth.
You have claws for feet.


Message History

Done exploring.
Done exploring.
Done exploring.
There is a stone staircase leading up here.
There is a stone staircase leading down here.
You climb downwards.
Found a scroll labelled BOONOCH SILI.
There is a stone staircase leading up here.
A frilled lizard comes into view.
The frilled lizard hisses angrily.
The zap misses the frilled lizard.
The zap hits the frilled lizard.
You kill the frilled lizard!
Magic restored.
A sleepcap comes into view.
The sleepcap moves out of view.
e - 3 scrolls labelled BOONOCH SILI (gained 1)
A sleepcap is nearby!
The zap hits the sleepcap.
The sleepcap is lightly damaged.
The zap hits the sleepcap.
The sleepcap is lightly damaged.
The zap hits the sleepcap.
The sleepcap is moderately damaged.
The zap hits the sleepcap but does no damage.
The sleepcap is moderately damaged.
Casting: Shock (safe; 2% risk of failure)
Confirm with . or Enter, or press ? or * to list all spells.
The sleepcap is struck by an arc of lightning.
The sleepcap is heavily damaged.
You are struck by an arc of lightning.
The sleepcap is struck by an arc of lightning.
The sleepcap is severely damaged.
You are struck by an arc of lightning.
The lightning grounds out.
The sleepcap releases spores at you.
You are engulfed in a cloud of soporific spores!
You fall asleep.
The sleepcap releases spores at you!!
Ouch! That really hurt!
You die...

####.##
#<....#
#.##.##
#.#
###.###
#.....#
#.....#
#.....#
#...@.#
#...f.#
#.......#
#.##.##.#
#. #.. ..
#. ###
.#. ##.
##


You could see a sleepcap.

Vanquished Creatures
  Jessica (D:2)
  Terence (D:1)
  4 gnolls
  3 goblins
  3 hobgoblins (D:1)
  6 kobolds
  A quokka (D:2)
  A ball python (D:2)
  5 bats
  2 frilled lizards
  3 rats
30 creatures vanquished.

Notes
Turn   | Place    | Note
-------+----------+-------------------------------------------
     0 | D:1      | growler the Tengu Air Elementalist began the quest for the
                  | Orb.
     0 | D:1      | Reached XP level 1. HP: 10/10 MP: 4/4
   284 | D:1      | Reached XP level 2. HP: 15/15 MP: 3/6
  1122 | D:2      | Noticed Terence
  1136 | D:1      | Killed Terence
  1137 | D:1      | Reached XP level 3. HP: 13/19 MP: 0/7
  1140 | D:1      | Learned a level 2 spell: Static Discharge
  1144 | D:1      | Learned a level 3 spell: Swiftness
  1249 | D:2      | Reached XP level 4. HP: 22/24 MP: 0/9
  1268 | D:1      | Reached skill level 5 in Air Magic
  1643 | D:2      | Noticed Jessica
  1645 | D:2      | Killed Jessica
  2092 | D:3      | Mangled by a sleepcap

Illustrated notes

Levels and vault maps discovered:
D:1:      tarquinn_simple_flora_water_c, layout_basic, serial_co_window_serial,
          co_window_of_opportunity_a, co_window_paths_a, co_window_corner_a,
          co_window_paths_a, co_window_paths_b, co_window_paths_c,
          co_window_unsneaky_path_a, co_window_of_opportunity_b,
          co_window_broadway_a, co_window_2corner, glass_columns_a,
          nrook_campfire, item_on_display_b
D:2:      layout_loops_cross, uniq_jessica, uniq_terence
D:3:      layout_loops_cross, nicolae_hepliaklqana_hippocampus,
          dreamdust_ecumenical_altar_drowned_temple, st_stairs_11,
          minmay_quadrilaterals, uniq_ijyb

Skill      XL: |  1  2  3  4 |
---------------+-------------+-----
Conjurations   | 2 3 |  3.6
Air Magic      | 5 |  5.3
Spellcasting   | 3 |  3.0
Dodging        | |  2.1
Stealth        | |  2.0

Action                     |  1- 3 |  4- 6 || total
---------------------------+-------+-------++-------
  Melee: Unarmed           |     5 |     1 ||     6
         Kick              |     3 |     1 ||     4
   Cast: Shock             |    39 |    25 ||    64
         Static Discharge  |       |     5 ||     5
 Armour: Robe              |       |     3 ||     3
  Dodge: Dodged            |     5 |     6 ||    11
